 Dungeon Crawl Stone Soup version 0.20-a0-556-g892c87b (webtiles) character file.

809 terra52 the Covered (level 7, -5/62 HPs)
             Began as a Minotaur Fighter on Feb 5, 2017.
             Was a Follower of Uskayaw.
             Slain by an orc warrior
             ... wielding a +0 hand axe
              (8 damage)
             ... on level 6 of the Dungeon.
             The game lasted 00:12:00 (4755 turns).

terra52 the Covered (Minotaur Fighter)              Turns: 4755, Time: 00:12:01

Health: -5/62      AC:  9    Str: 22    XL:     7   Next: 61%
Magic:  3/6        EV: 10    Int:  5    God:    Uskayaw [*.....]
Gold:   308        SH:  5    Dex: 10    Spells: 6/6 levels left

rFire    . . .     SeeInvis .   a - +0 long sword
rCold    . . .     Gourm    .   b - +0 scale mail
rNeg     . . .     Faith    .   Q - +0 buckler
rPois    +         Spirit   .   (helmet restricted)
rElec    .         Reflect  .   y - +0 cloak
rCorr    .         Harm     .   (no gloves)
MR       .....                  (no boots)
Stlth    +.........             i - amulet of regeneration
Regen    0.6/turn               A - ring of poison resistance
                                n - ring of stealth (curse)

@: no status effects
A: retaliatory headbutt, horns 2
a: Stomp, Renounce Religion


You were on level 6 of the Dungeon.
You worshipped Uskayaw.
Uskayaw was noncommittal.
You were near starving.

You visited 2 branches of the dungeon, and saw 7 of its levels.

You collected 308 gold pieces.

Inventory:

Hand Weapons
 a - a +0 long sword (weapon)
 g - a +2 dagger of holy wrath
 h - a cursed -1 dagger
Missiles
 K - 2 tomahawks
 S - 8 javelins (quivered)
Armour
 b - a +0 scale mail (worn)
 c - a +0 shield
 p - a +0 plate armour
 y - a +0 cloak (worn)
 M - a +2 leather armour of fire resistance
 Q - a +0 buckler (worn)
 T - a +0 chain mail
Jewellery
 i - an amulet of regeneration (around neck)
 n - a cursed ring of stealth (left hand)
 t - a +2 ring of dexterity
 A - a ring of poison resistance (right hand)
 H - an uncursed ring of protection from magic
Wands
 C - a wand of disintegration (15/24)
 P - a wand of flame (14/48)
Scrolls
 e - a scroll of fear {unknown}
 k - a scroll of recharging {unknown}
 r - 2 scrolls of magic mapping
 s - 3 scrolls of identify {unknown}
 w - 4 scrolls of teleportation
 z - 2 scrolls of fog {unknown}
 B - 3 scrolls of enchant armour {unknown}
 E - 6 scrolls of remove curse {unknown}
 F - a scroll of noise {unknown}
 I - a scroll of enchant weapon {unknown}
 O - a scroll of amnesia {unknown}
 R - a scroll of summoning {unknown}
Potions
 d - 2 potions of might
 j - a potion of lignification {unknown}
 l - a potion of ambrosia {unknown}
 m - a potion of mutation {unknown}
 o - 2 potions of curing
 q - a potion of heal wounds {unknown}
 u - a potion of invisibility {unknown}
 v - 3 potions of berserk rage {unknown}
 x - a potion of cure mutation {unknown}
 D - a potion of brilliance {unknown}
 G - 2 potions of degeneration {unknown}
Books
 L - a book of Cantrips

   Spells                             Type                      Level
   a - Confusing Touch                Hexes                        1
   b - Animate Skeleton               Necromancy                   1
   c - Summon Small Mammal            Summoning                    1
   d - Apportation                    Translocation                1
Comestibles
 f - 2 bread rations
 J - a royal jelly
 N - a meat ration


   Skills:
 * Level 5.9 Fighting
 + Level 5.0 Long Blades
 * Level 6.8 Armour
 + Level 0.9 Dodging
 + Level 0.1 Stealth
 * Level 6.4 Shields


You had 6 spell levels left.
You didn't know any spells.

Dungeon Overview and Level Annotations

Branches:
Dungeon (6/15)             Temple (1/1) D:6

Altars:
Cheibriados
Gozag
Hepliaklqana
Makhleb
Nemelex Xobeh
Ru
Trog
Uskayaw
Yredelemnul
Zin
The Shining One


Innate Abilities, Weirdness & Mutations

You reflexively headbutt those who attack you in melee.
You have a pair of horns on your head.


Message History

The orc wizard points at you and mumbles some strange words.
You are confused.
You hear a shout!
Unknown command.
You hit the orc warrior. Your headbutt misses the orc warrior.
The orc warrior is severely wounded.
The orc warrior hits you with a hand axe!
* * * LOW HITPOINT WARNING * * *
The orc wizard gestures at you while chanting.
The magic dart hits you!
* * * LOW HITPOINT WARNING * * *
You feel better.
The orc warrior hits you with a hand axe!
* * * LOW HITPOINT WARNING * * *
The orc wizard hits you but does no damage.
You closely miss the orc warrior.
You headbutt the orc warrior, but do no damage.
The orc warrior is severely wounded.
The orc warrior hits you with a hand axe!
You die...

#.# #......... #.###..####.##
#.# #......# #.# ..
[.#.#####.##.# #.# #.
.............# # #..
.......#####o#### ##### # #.#
#.###### ##.## ##...## # #.#
#......###o..####....)# # #.#
#....@oo............#
###.########.#..o##...####.....#
......##.......#.....## ##...##
###>.#...###.#...##### ##.##
###.###.####.##.## #.#### ...##
##...#.#...# #..o<.
###.###.##.#.##.## #..###
##.#.###.#.##.# #..# ##.##.....#
.# ######..#


You could see an orc warrior, 2 orc wizards and an orc.

Vanquished Creatures
  An ice beast (D:5)
  A centaur (D:6)
  2 crimson imps (D:5)
  4 orc wizards
  A bullfrog skeleton (D:5)
  2 orc priests
  A hound (D:5)
  A jelly (D:6)
  3 worker ants
  6 gnolls (D:2)
  7 adders
  An ooze (D:1)
  3 worms
  4 dart slugs
  3 leopard geckos
  12 orcs
  A ball python (D:1)
  4 giant cockroaches
  8 hobgoblins
  2 jackals (D:2)
  7 quokkas
  9 bats
  8 frilled lizards
  8 goblins
  10 kobolds
  A leopard gecko skeleton (D:5)
  A quokka zombie (D:5)
  5 rats
116 creatures vanquished.

Vanquished Creatures (others)
  A plant (D:6)
1 creature vanquished.

Grand Total: 117 creatures vanquished

Notes
Turn   | Place    | Note
-------+----------+-------------------------------------------
     0 | D:1      | terra52 the Minotaur Fighter began the quest for the Orb.
     0 | D:1      | Reached XP level 1. HP: 19/19 MP: 0/0
   112 | D:1      | Reached XP level 2. HP: 27/27 MP: 1/1
   801 | D:1      | Reached XP level 3. HP: 33/33 MP: 2/2
  1155 | D:2      | Reached XP level 4. HP: 40/40 MP: 3/3
  1927 | D:2      | Reached skill level 5 in Armour
  2050 | D:3      | Reached XP level 5. HP: 46/46 MP: 4/4
  2387 | D:3      | Reached skill level 5 in Shields
  2781 | D:3      | Reached XP level 6. HP: 38/53 MP: 5/5
  3698 | D:5      | Entered Level 5 of the Dungeon
  3732 | D:5      | Reached skill level 5 in Fighting
  3891 | D:5      | Reached XP level 7. HP: 59/61 MP: 6/6
  4159 | D:5      | Found a sparkling altar of Nemelex Xobeh.
  4161 | D:5      | Found a snail-covered altar of Cheibriados.
  4453 | D:6      | Found a hazy altar of Hepliaklqana.
  4554 | D:6      | Found a staircase to the Ecumenical Temple.
  4562 | Temple   | Entered the Ecumenical Temple
  4568 | Temple   | Became a worshipper of Uskayaw the Reveler
  4662 | D:6      | Reached * piety under Uskayaw
  4668 | D:6      | Reached ** piety under Uskayaw
  4718 | D:6      | Reached skill level 5 in Long Blades
  4754 | D:6      | HP: 2/62 [orc warrior/hand axe (13)]
  4755 | D:6      | Slain by an orc warrior

Vault maps used:
D:1:      dpeg_arrival_renting, minmay_misc_feat_ornament
D:2:      wad_woods_tower, kennysheep_nondescript
D:4:      minmay_wonky_spiral, first_bread
D:5:      nicolae_overflow_hidden_temple, hangedman_abyss_or_decor_stagger
D:6:      old_standard_altar, minmay_temple_entry_purple_smoke,
          serial_bayou_pond_b
Temple:   eino_narrow_crystal_temple

Skill      XL: |  1  2  3  4  5  6  7 |
---------------+----------------------+-----
Armour         | 4 5 6 |  6.8
Long Blades    | 3 4 5 |  5.0
Fighting       | 4 5 |  5.9
Shields        | 4 5 6 |  6.4
Dodging        | |  0.9
Stealth        | |  0.1

Action                   |  1- 3 |  4- 6 |  7- 9 || total
-------------------------+-------+-------+-------++-------
Melee: Long sword        |    95 |   227 |    48 ||   370
       Headbutt          |     8 |    33 |    11 ||    52
Invok: Stomp             |       |       |     1 ||     1
  Use: Potion            |       |     1 |     1 ||     2
       Scroll            |       |     2 |       ||     2
  Eat: Chunk             |     1 |     9 |     1 ||    11
Armor: Scale mail        |    22 |     5 |    22 ||    49
       Plate armour      |    35 |   161 |       ||   196
Dodge: Dodged            |    22 |    39 |    15 ||    76
Block: Shield            |    52 |   124 |       ||   176
       Buckler           |       |     1 |     7 ||     8
       Rpst.: Long sword |     6 |    14 |     3 ||    23
